General information
- name: BNet
- type: Ladder team game (AT/RT)
- host: Battle.net
- saver: Angel-Eyes
map: TwilightRuins
- players: 8
- length: 40:39
- speed: Fast
- version: 1.28 W3XP
- replay type: Public
» download(357 KB)
Players
team 1 (loser)

»
DeeDo (
red | 61 APM | 1992 actions | 32:34)
7 Demon Hunter
3 Mana Burn
3 Evasion
1 Metamorphosis
» actions
| Assign group hotkey | 33 | |
| Basic commands | 98 | |
| Build / train | 74 | |
| Enter build submenu | 31 | |
| Enter hero's abilities submenu | 7 | |
| Give item / drop item | 4 | |
| Remove unit from queue | 1 | |
| Right click | 923 | |
| Select / deselect | 451 | |
| Select group hotkey | 293 | |
| Use ability | 77 | |
1992 total
» units
| Wisp | 26 | |
| Huntress | 7 | |
| Chimaera | 8 | |
| Hippogryph | 7 | |
| Druid of the Claw | 2 | |
50 total
» upgrades
| Sentinel | 1 | |
| Strength of the Wild | 2 | |
| Reinforced Hides | 2 | |
| Corrosive Breath | 1 | |
| Druid of the Claw Training | 2 | |
8 total
» buildings
| Altar of Elders | 1 | |
| Moon Well | 7 | |
| Hunter's Hall | 1 | |
| Ancient of War | 1 | |
| Ancient of Wonders | 1 | |
| Tree of Ages | 1 | |
| Tree of Life | 5 | |
| Tree of Eternity | 1 | |
| Ancient of Wind | 1 | |
| Chimaera Roost | 3 | |
| Ancient Protector | 3 | |
| Ancient of Lore | 2 | |
27 total
» build order
00:07 Altar of Elders
00:19 Moon Well
01:08 Hunter's Hall
01:36 Ancient of War
01:53 Moon Well
02:13 Ancient of Wonders
03:20 Tree of Ages
03:58 Moon Well
04:48 Moon Well
05:41 Tree of Life
06:35 Tree of Eternity
06:49 Ancient of Wind
08:42 Moon Well
09:07 Chimaera Roost
09:11 Chimaera Roost
09:36 Moon Well
10:34 Chimaera Roost
10:40 Moon Well
11:19 Tree of Life
13:38 Tree of Life
13:48 Tree of Life
15:28 Ancient Protector
15:31 Ancient Protector
15:39 Ancient Protector
17:13 Tree of Life
22:09 Ancient of Lore
22:12 Ancient of Lore
» items
| Orb of Venom | 1 | |
| Boots of Speed | 1 | |
| Circlet of Nobility | 1 | |
| Scroll of Town Portal | 1 | |
| Lesser Clarity Potion | 1 | |
5 total
Angel-Eyes (
orange | 62 APM | 2539 actions | 40:39)
9 Blademaster
3 Wind Walk
3 Critical Strike
1 Bladestorm
2 Mirror Image
» actions
| Assign group hotkey | 52 | |
| Basic commands | 149 | |
| Build / train | 68 | |
| Enter build submenu | 40 | |
| Enter hero's abilities submenu | 9 | |
| Give item / drop item | 9 | |
| Remove unit from queue | 1 | |
| Right click | 1243 | |
| Select / deselect | 374 | |
| Select group hotkey | 448 | |
| Use ability | 146 | |
2539 total
» units
| Peon | 8 | |
| Grunt | 4 | |
| Goblin Shredder | 1 | |
| Goblin Zeppelin | 1 | |
| Goblin Sapper | 2 | |
| Troll Batrider | 15 | |
31 total
» upgrades
| Armor | 3 | |
| Reinforced Defenses | 1 | |
| Ranged Weapons | 3 | |
| Liquid Fire | 1 | |
| Envenomed Spears | 1 | |
| Ensnare | 1 | |
| Pillage | 1 | |
11 total
» buildings
| Orc Burrow | 5 | |
| Altar of Storms | 1 | |
| Barracks | 1 | |
| Voodoo Lounge | 2 | |
| Stronghold | 1 | |
| Great Hall | 2 | |
| War Mill | 1 | |
| Fortress | 1 | |
| Watch Tower | 22 | |
| Beastiary | 4 | |
40 total
» build order
00:12 Orc Burrow
00:37 Orc Burrow
01:06 Altar of Storms
01:07 Barracks
01:49 Voodoo Lounge
02:37 Voodoo Lounge
02:49 Stronghold
03:55 Orc Burrow
04:48 Great Hall
05:27 War Mill
06:11 Fortress
06:44 Watch Tower
06:44 Watch Tower
07:26 Watch Tower
07:27 Watch Tower
07:29 Watch Tower
08:52 Beastiary
08:53 Beastiary
08:55 Beastiary
09:10 Beastiary
10:39 Watch Tower
14:24 Watch Tower
14:24 Watch Tower
14:25 Watch Tower
14:26 Watch Tower
14:27 Watch Tower
16:07 Watch Tower
16:07 Watch Tower
16:07 Watch Tower
22:43 Orc Burrow
22:46 Orc Burrow
29:53 Great Hall
30:31 Watch Tower
30:31 Watch Tower
30:35 Watch Tower
30:36 Watch Tower
30:37 Watch Tower
31:20 Watch Tower
» items
| Healing Salve | 6 | |
| Orb of Lightning | 1 | |
| Gloves of Haste | 1 | |
| Book of the Dead | 1 | |
| Periapt of Vitality | 1 | |
| Scroll of Town Portal | 2 | |
| Potion of Lesser Invulnerability | 1 | |
13 total
DRAGONQUEST11 (
yellow | 37 APM | 1513 actions | 40:39)
4 Blademaster
2 Wind Walk
2 Critical Strike
» actions
| Assign group hotkey | 21 | |
| Basic commands | 56 | |
| Build / train | 67 | |
| Enter build submenu | 35 | |
| Enter hero's abilities submenu | 4 | |
| Give item / drop item | 2 | |
| Remove unit from queue | 2 | |
| Right click | 581 | |
| Select / deselect | 244 | |
| Select group hotkey | 422 | |
| Use ability | 79 | |
1513 total
» units
| Peon | 16 | |
| Goblin Shredder | 7 | |
| Goblin Zeppelin | 1 | |
| Goblin Sapper | 7 | |
| Wind Rider | 6 | |
37 total
» upgrades
| Ranged Weapons | 2 | |
| Reinforced Defenses | 1 | |
| Envenomed Spears | 1 | |
| Ensnare | 1 | |
| Armor | 2 | |
| Liquid Fire | 1 | |
8 total
» buildings
| Altar of Storms | 1 | |
| Orc Burrow | 5 | |
| War Mill | 2 | |
| Voodoo Lounge | 1 | |
| Watch Tower | 28 | |
| Stronghold | 1 | |
| Great Hall | 5 | |
| Fortress | 3 | |
| Beastiary | 3 | |
49 total
» build order
00:13 Altar of Storms
00:23 Orc Burrow
00:38 War Mill
01:30 Voodoo Lounge
01:52 Watch Tower
02:13 Watch Tower
02:42 Watch Tower
03:24 Stronghold
04:01 Great Hall
04:35 Watch Tower
04:36 Watch Tower
05:25 Orc Burrow
06:12 Watch Tower
06:14 Watch Tower
06:45 Watch Tower
06:46 Watch Tower
07:07 Fortress
07:07 Fortress
07:07 Fortress
07:12 Watch Tower
07:18 Watch Tower
07:42 Beastiary
08:17 Beastiary
09:05 Watch Tower
09:14 Orc Burrow
09:39 Watch Tower
10:25 Watch Tower
10:47 Beastiary
10:51 Watch Tower
11:40 War Mill
13:23 Great Hall
13:39 Great Hall
14:24 Orc Burrow
14:33 Great Hall
16:52 Watch Tower
20:31 Watch Tower
20:32 Watch Tower
20:33 Watch Tower
20:33 Watch Tower
21:54 Watch Tower
21:55 Watch Tower
21:55 Watch Tower
21:56 Watch Tower
23:43 Orc Burrow
27:51 Great Hall
27:54 Watch Tower
27:54 Watch Tower
27:55 Watch Tower
27:55 Watch Tower
» items
| Healing Salve | 2 | |
| Scroll of Town Portal | 1 | |
| Staff of Teleportation | 1 | |
| Orb of Lightning | 1 | |
| Tiny Great Hall | 1 | |
| Potion of Lesser Invulnerability | 1 | |
7 total

»
CatVomit (
pink | 31 APM | 1262 actions | 40:39)
5 Warden
3 Shadow Strike
2 Blink
» actions
| Assign group hotkey | 29 | |
| Build / train | 95 | |
| Enter build submenu | 36 | |
| Enter hero's abilities submenu | 5 | |
| Give item / drop item | 4 | |
| Remove unit from queue | 10 | |
| Right click | 515 | |
| Select / deselect | 351 | |
| Select group hotkey | 139 | |
| Use ability | 78 | |
1262 total
» units
| Wisp | 40 | |
| Archer | 7 | |
| Huntress | 3 | |
| Hippogryph | 9 | |
| Chimaera | 9 | |
68 total
» upgrades
| Strength of the Wild | 1 | |
| Upgrade Moon Glaive | 1 | |
| Reinforced Hides | 1 | |
| Corrosive Breath | 1 | |
4 total
» buildings
| Altar of Elders | 4 | |
| Moon Well | 10 | |
| Ancient of War | 2 | |
| Tree of Ages | 1 | |
| Ancient of Wonders | 1 | |
| Tree of Life | 5 | |
| Hunter's Hall | 1 | |
| Tree of Eternity | 1 | |
| Ancient Protector | 4 | |
| Ancient of Wind | 1 | |
| Chimaera Roost | 3 | |
33 total
» build order
00:30 Altar of Elders
00:40 Moon Well
01:13 Ancient of War
01:53 Ancient of War
02:06 Moon Well
02:56 Moon Well
03:16 Tree of Ages
03:36 Ancient of Wonders
03:52 Tree of Ages
05:24 Tree of Ages
05:31 Tree of Life
05:57 Hunter's Hall
06:45 Moon Well
06:46 Moon Well
07:49 Tree of Eternity
09:27 Ancient Protector
11:20 Ancient of Wind
12:59 Chimaera Roost
13:01 Chimaera Roost
13:19 Chimaera Roost
14:58 Moon Well
14:59 Moon Well
20:18 Tree of Life
24:20 Altar of Elders
24:33 Altar of Elders
25:21 Moon Well
26:21 Moon Well
26:33 Tree of Life
26:51 Ancient Protector
26:54 Ancient Protector
27:27 Moon Well
29:16 Ancient Protector
30:33 Altar of Elders
31:02 Tree of Life
36:02 Tree of Life
» items
| Dust of Appearance | 1 | |
| Orb of Venom | 1 | |
| Scroll of Town Portal | 2 | |
4 total
team 2 (winner)

»
MrTMathEdMan (
purple | 89 APM | 2600 actions | 29:13)
8 Tauren Chieftain
3 Endurance Aura
3 War Stomp
1 Reincarnation
1 Shockwave
4 Shadow Hunter
2 Hex
2 Healing Wave
» actions
| Assign group hotkey | 33 | |
| Basic commands | 132 | |
| Build / train | 102 | |
| ESC pressed | 5 | |
| Enter build submenu | 20 | |
| Enter hero's abilities submenu | 12 | |
| Give item / drop item | 9 | |
| Right click | 1104 | |
| Select / deselect | 578 | |
| Select group hotkey | 488 | |
| Use ability | 117 | |
2600 total
» units
| Peon | 13 | |
| Grunt | 7 | |
| Goblin Shredder | 2 | |
| Wind Rider | 5 | |
| Troll Batrider | 12 | |
| Troll Headhunter/Berserker | 5 | |
| Raider | 2 | |
46 total
» upgrades
| Armor | 3 | |
| Pillage | 1 | |
| Envenomed Spears | 1 | |
| Ranged Weapons | 3 | |
| Reinforced Defenses | 1 | |
| Liquid Fire | 1 | |
| Berserker Upgrade | 1 | |
| Berserker Strength | 1 | |
12 total
» buildings
| Altar of Storms | 1 | |
| Barracks | 1 | |
| Orc Burrow | 6 | |
| Voodoo Lounge | 2 | |
| Great Hall | 4 | |
| Stronghold | 1 | |
| War Mill | 1 | |
| Beastiary | 3 | |
| Fortress | 1 | |
20 total
» build order
00:05 Altar of Storms
00:10 Barracks
00:14 Orc Burrow
02:03 Orc Burrow
02:31 Voodoo Lounge
04:06 Great Hall
04:34 Orc Burrow
04:56 Stronghold
05:03 War Mill
06:35 Orc Burrow
07:41 Beastiary
07:42 Beastiary
07:43 Fortress
14:48 Orc Burrow
15:08 Orc Burrow
19:02 Voodoo Lounge
21:23 Great Hall
21:35 Beastiary
22:29 Great Hall
23:38 Great Hall
» items
| Healing Salve | 7 | |
| Orb of Lightning | 1 | |
| Scroll of Town Portal | 4 | |
| Lesser Clarity Potion | 7 | |
| Scroll of Speed | 1 | |
| Potion of Mana | 3 | |
| Potion of Healing | 4 | |
| Boots of Speed | 1 | |
28 total

»
Legionnaire (
teal | 31 APM | 1252 actions | 40:39)
3 Blademaster
2 Wind Walk
1 Critical Strike
1 Shadow Hunter
1 Healing Wave
» actions
| Assign group hotkey | 29 | |
| Basic commands | 112 | |
| Build / train | 59 | |
| ESC pressed | 6 | |
| Enter build submenu | 26 | |
| Enter hero's abilities submenu | 5 | |
| Right click | 371 | |
| Select / deselect | 257 | |
| Select group hotkey | 308 | |
| Use ability | 79 | |
1252 total
» units
| Peon | 17 | |
| Grunt | 7 | |
| Goblin Shredder | 1 | |
| Troll Batrider | 9 | |
| Shaman | 2 | |
36 total
» upgrades
| Melee Weapons | 2 | |
| Armor | 2 | |
| Shaman Training | 2 | |
| Berserker Strength | 1 | |
| Reinforced Defenses | 1 | |
| Liquid Fire | 1 | |
9 total
» buildings
| Altar of Storms | 1 | |
| Orc Burrow | 6 | |
| Barracks | 2 | |
| War Mill | 1 | |
| Voodoo Lounge | 1 | |
| Great Hall | 2 | |
| Stronghold | 2 | |
| Spirit Lodge | 1 | |
| Beastiary | 2 | |
| Fortress | 2 | |
| Watch Tower | 3 | |
23 total
» build order
00:25 Altar of Storms
00:28 Orc Burrow
01:51 Barracks
01:55 War Mill
02:25 Orc Burrow
03:01 Voodoo Lounge
03:59 Barracks
04:13 Orc Burrow
06:04 Great Hall
07:08 Orc Burrow
08:09 Stronghold
08:10 Stronghold
08:26 Orc Burrow
11:06 Spirit Lodge
12:47 Beastiary
12:51 Beastiary
12:54 Orc Burrow
14:41 Fortress
14:41 Fortress
16:42 Watch Tower
18:54 Watch Tower
19:14 Watch Tower
25:56 Great Hall
» items
| Lesser Clarity Potion | 1 | |
| Healing Salve | 1 | |
| Gloves of Haste | 1 | |
3 total
E.N.F.O.R.C.E.R (
green | 128 APM | 5203 actions | 40:39)
7 Blademaster
3 Wind Walk
3 Critical Strike
1 Bladestorm
6 Shadow Hunter
3 Healing Wave
2 Hex
1 Big Bad Voodoo
6 Goblin Alchemist
3 Chemical Rage
2 Acid Bomb
1 Transmute
» actions
| Assign group hotkey | 79 | |
| Basic commands | 164 | |
| Build / train | 148 | |
| ESC pressed | 2 | |
| Enter build submenu | 52 | |
| Enter hero's abilities submenu | 19 | |
| Give item / drop item | 34 | |
| Remove unit from queue | 1 | |
| Right click | 1922 | |
| Select / deselect | 535 | |
| Select group hotkey | 1992 | |
| Use ability | 255 | |
5203 total
» units
| Peon | 14 | |
| Grunt | 6 | |
| Goblin Shredder | 3 | |
| Kodo Beast | 2 | |
| Troll Batrider | 5 | |
| Wind Rider | 4 | |
| Goblin Zeppelin | 5 | |
39 total
» upgrades
| Berserker Strength | 1 | |
| Pillage | 2 | |
| Reinforced Defenses | 1 | |
| War Drums Damage Increase | 1 | |
| Ensnare | 1 | |
| Envenomed Spears | 1 | |
| Liquid Fire | 1 | |
| Troll Regeneration | 1 | |
| Ranged Weapons | 3 | |
| Armor | 3 | |
| Berserker Upgrade | 1 | |
| Shaman Training | 2 | |
| Witch Doctor Training | 2 | |
| Melee Weapons | 2 | |
| Spiked Barricades | 2 | |
| Spirit Walker Training | 1 | |
25 total
» buildings
| Orc Burrow | 9 | |
| Altar of Storms | 1 | |
| Barracks | 1 | |
| Voodoo Lounge | 1 | |
| Stronghold | 2 | |
| Great Hall | 5 | |
| War Mill | 1 | |
| Fortress | 1 | |
| Watch Tower | 24 | |
| Beastiary | 4 | |
| Spirit Lodge | 2 | |
51 total
» build order
00:05 Orc Burrow
01:03 Altar of Storms
01:07 Barracks
01:10 Orc Burrow
01:38 Voodoo Lounge
02:24 Orc Burrow
03:58 Stronghold
03:58 Stronghold
04:39 Great Hall
05:25 War Mill
06:40 Fortress
08:37 Watch Tower
08:40 Beastiary
08:44 Beastiary
09:31 Watch Tower
09:32 Watch Tower
09:40 Watch Tower
09:40 Watch Tower
10:18 Orc Burrow
11:20 Watch Tower
11:22 Watch Tower
11:23 Watch Tower
12:10 Watch Tower
12:11 Watch Tower
12:14 Beastiary
14:39 Beastiary
14:40 Orc Burrow
16:24 Orc Burrow
16:27 Orc Burrow
16:40 Spirit Lodge
16:42 Spirit Lodge
17:29 Watch Tower
19:37 Orc Burrow
19:40 Orc Burrow
20:10 Great Hall
21:37 Watch Tower
21:37 Watch Tower
21:38 Watch Tower
21:39 Watch Tower
21:52 Watch Tower
27:06 Great Hall
27:07 Watch Tower
27:08 Watch Tower
27:09 Watch Tower
27:10 Watch Tower
29:19 Watch Tower
29:19 Watch Tower
29:20 Watch Tower
29:20 Watch Tower
30:54 Great Hall
31:04 Great Hall
» items
| Scroll of Speed | 1 | |
| Healing Salve | 8 | |
| Lesser Clarity Potion | 5 | |
| Gloves of Haste | 2 | |
| Boots of Speed | 3 | |
| Orb of Lightning | 3 | |
| Potion of Healing | 1 | |
| Scroll of Town Portal | 3 | |
| Periapt of Vitality | 1 | |
| Potion of Lesser Invulnerability | 1 | |
| Talisman of Evasion | 1 | |
| Pendant of Energy | 3 | |
| Mana Stone | 2 | |
| Potion of Mana | 1 | |
| Staff of Teleportation | 1 | |
36 total
Dancing)Peons24 (
blue | 4 APM | 161 actions | 40:39)
» actions
| Basic commands | 5 | |
| Enter build submenu | 5 | |
| Right click | 12 | |
| Select / deselect | 133 | |
| Use ability | 6 | |
161 total
» buildings
| Altar of Storms | 1 | |
| Orc Burrow | 3 | |
4 total
» build order
29:45 Altar of Storms
29:51 Orc Burrow
30:00 Orc Burrow
36:36 Orc Burrow
Chat log
(00:59 / Allies) DeeDo: hunts to w.e
(01:59 / Allies) DRAGONQUEST11: me wyvern
(02:15 / Allies) Angel-Eyes: me bat/wyvs
(02:32 / Allies) DRAGONQUEST11: please don't go hippo
(02:43 / Allies) DeeDo: i might get some hippos for aa
(02:55 / Allies) Angel-Eyes: we got bat and wyvs
(02:59 / Allies) DeeDo: if we need
(03:00 / Allies) DRAGONQUEST11: yea go something else
(03:15 / Allies) Angel-Eyes: aa is orc job!
(04:24 / All) DRAGONQUEST11: lol oj needs 3 grunts to crep this expo lmao!
(05:07 / Allies) DRAGONQUEST11: red i dont want you going hippo
(05:27 / Allies) DeeDo: chims or bears
(06:23 / Allies) DRAGONQUEST11: wood plz
(06:36 / All) DRAGONQUEST11: teal mh??
(06:45 / All) Legionnaire: fuck no nigga
(06:59 / All) Legionnaire: got a imac
(11:28 / Allies) DRAGONQUEST11: kill teal expo
(11:50 / Allies) DeeDo: orange pink n i r on the way
(12:47 / Allies) DRAGONQUEST11: lag
(13:28 / Allies) DRAGONQUEST11: think green is mhing
(13:32 / Allies) DRAGONQUEST11: his bm keeps getting our expos
(13:44 / Allies) DeeDo: ?
(13:48 / Allies) DRAGONQUEST11: gonna feed
(13:53 / Allies) DeeDo: k
(13:54 / All) Angel-Eyes: Anyone else laggy/
(14:01 / Allies) DeeDo: yes
(14:36 / All) Angel-Eyes: purple hacks I think
(14:47 / All) Legionnaire: nigger shut the fuck up
(15:00 / All) E.N.F.O.R.C.E.R: wow teal
(15:02 / All) E.N.F.O.R.C.E.R: watch your mouth
(15:06 / All) E.N.F.O.R.C.E.R: excuse you??
(15:08 / All) Legionnaire: nigger I don't care
(15:21 / Allies) DeeDo: purps got bats
(15:27 / All) Legionnaire: white boy don't play games czu
(16:11 / Allies) DRAGONQUEST11: thx fo rhelping my expo red
(16:17 / Allies) DeeDo: need aa
(16:25 / Allies) DRAGONQUEST11: dumb fuk knew purp was ther etoo
(16:34 / Allies) DeeDo: yelow u gay
(18:19 / All) Angel-Eyes: I just keep raping and raping!
(18:53 / All) Angel-Eyes: lol
(18:56 / All) Angel-Eyes: he saw my bats coming with mh
(19:01 / All) Legionnaire: fu im drunk
(19:06 / Allies) Angel-Eyes: kill tc
(19:07 / All) DRAGONQUEST11: i specifically told red not to go hippo and he did it anyways
(19:17 / Allies) Angel-Eyes: kill tc
(19:48 / Allies) Angel-Eyes: kill tc he don't have revive
(19:55 / Allies) DRAGONQUEST11: me?
(19:57 / Allies) Angel-Eyes: yeah
(19:59 / Allies) Angel-Eyes: let's get him
(20:19 / Allies) DRAGONQUEST11: just a tc
(20:47 / All) DRAGONQUEST11: i told both allies not to go hippo
(20:49 / All) DRAGONQUEST11: and they both do
(21:11 / All) DRAGONQUEST11: hexa stomp
(21:18 / All) DRAGONQUEST11: imba
(21:22 / All) Legionnaire: fuck this
(21:27 / All) Legionnaire: i cant play
(21:29 / All) DRAGONQUEST11: ur winning moron
(21:31 / All) Legionnaire: brain not working
(21:52 / Allies) Angel-Eyes: his cooldown is probably back by now
(22:03 / All) DRAGONQUEST11: teal ur winning fool lawl
(22:17 / All) Legionnaire: I don't know whats going on
(22:25 / All) DRAGONQUEST11: i told my moronic allies not to go hippo
(22:29 / All) DRAGONQUEST11: and both of them went hippos
(22:50 / Allies) CatVomit: help
(22:51 / All) Angel-Eyes: 100% hacks
(23:02 / All) DRAGONQUEST11: red im gonna take this expo but i wont kill ur tree so its not considerd tking
(23:03 / All) Legionnaire: nigger im not hacking fu
(23:07 / All) Angel-Eyes: 100% purple and teal hack
(23:19 / All) Legionnaire: nigger say that shit to my face breh
(23:24 / All) Angel-Eyes: what are you gonna do?
(23:35 / All) Legionnaire: want me to get outta this car?
(23:43 / Allies) Angel-Eyes: mana burn the sh
(23:50 / Allies) Angel-Eyes: mana burn sh
(24:05 / All) Legionnaire: nigger how the fuck you gonna say I hack, I been drinking and suckin really bad at this game
(24:12 / All) Angel-Eyes: fucking retards
(24:20 / All) Legionnaire: you're a putz
(24:27 / All) Legionnaire: plain and simple
(24:29 / Allies) DeeDo: lol yellow aint feeding
(24:34 / All) DRAGONQUEST11: i fe doj
(24:37 / Allies) DRAGONQUEST11: look at his gold count
(24:52 / All) DRAGONQUEST11: oj really is only ally doing anything of mine
(25:51 / All) Angel-Eyes: purple follows me around lol
(26:26 / All) Angel-Eyes: purp and teal mh still suck
(26:31 / Allies) Angel-Eyes: come
(26:32 / Allies) Angel-Eyes: let;'s focus sh
(26:46 / All) Angel-Eyes: lol dude purple stop acting like you don't hack
(26:46 / Allies) DeeDo: come
(26:49 / All) Legionnaire: nigger I bust your head in
(26:52 / All) Legionnaire: bitch ass niggas
(26:56 / All) Legionnaire: fuck you
(27:00 / Allies) Angel-Eyes: come wtf
(27:09 / Allies) DeeDo: lets go
(27:14 / All) Legionnaire: just cause you're nothing but a bitch doesn't mean we hack nigger
(28:10 / Allies) DeeDo: hit
(28:13 / All) DRAGONQUEST11: red and pink are seriously the most arrogant allies ever
(28:17 / All) E.N.F.O.R.C.E.R: they suck
(28:18 / All) DRAGONQUEST11: told them not to go hippos they go hippos
(28:18 / All) E.N.F.O.R.C.E.R: noob elves
(28:20 / All) MrTMathEdMan: i mean
(28:23 / All) MrTMathEdMan: you guys were 3v4
(28:27 / All) MrTMathEdMan: so the fact that it took this liong
(28:31 / All) MrTMathEdMan: really says something lol
(28:36 / All) DeeDo: yelow
(28:37 / All) Angel-Eyes: 1v2 really
(28:37 / All) DeeDo: didnt play
(28:39 / All) DRAGONQUEST11: u hack fool
(28:45 / All) DeeDo: he has 12k gold
(28:45 / All) DRAGONQUEST11: and reds right i didnt play
(28:47 / All) MrTMathEdMan: red you are pretty awful man
(28:51 / All) DeeDo: cool
(28:53 / All) MrTMathEdMan: you teched slow
(28:54 / All) DeeDo: gj
(28:56 / All) MrTMathEdMan: and you have low micro
(29:00 / All) DeeDo: ur right
(29:01 / All) DRAGONQUEST11: red vs purple 1v1
(29:02 / All) Legionnaire: whatever this is, this games a joke
(29:02 / All) DeeDo: u awesome
(29:05 / All) E.N.F.O.R.C.E.R: Red and pink are retard noobs
(29:14 / All) Legionnaire: red you suck
(29:17 / All) DeeDo: pro wc3
(29:18 / All) Legionnaire: and pink
(29:18 / All) DeeDo: players
(29:22 / All) DeeDo: hats too ya
(29:23 / All) Angel-Eyes: purple was following me around
(29:26 / All) Legionnaire: dtrash niggers
(29:31 / All) DeeDo: ur a nigger
(29:32 / All) Legionnaire: orange you just a bitch ass niger
(29:36 / All) Angel-Eyes: and even when his heroes were in hot water he had the presence to bat my bats that were coming lol
(29:38 / All) Angel-Eyes: 100% hacker
(29:56 / All) Legionnaire: what the fuck you talking about
(30:01 / All) Legionnaire: non of my team hacked
(30:09 / All) Angel-Eyes: you both hack
(30:10 / All) E.N.F.O.R.C.E.R: woot
(30:12 / All) E.N.F.O.R.C.E.R: hero levels
(30:15 / All) E.N.F.O.R.C.E.R: ty guys
(30:15 / All) Legionnaire: orange
(30:16 / All) Angel-Eyes: Legionnaire known hacker
(30:17 / All) Legionnaire: fuck you
(30:18 / All) E.N.F.O.R.C.E.R: Got transmute now
(30:21 / All) E.N.F.O.R.C.E.R: but nothing to use it on
(30:26 / All) E.N.F.O.R.C.E.R: noob elf feed
(30:27 / All) Legionnaire: what the fuck is the matter with you
(30:32 / All) DeeDo: im just tryign to find a mine
(30:37 / All) Legionnaire: you wanna say some shit, was up bro
(30:46 / All) Legionnaire: you nothing but a bitch cuz
(31:23 / All) Legionnaire: say something else wasup
(31:28 / All) Legionnaire: bitch ass nigger
(31:33 / All) DeeDo: stop being soo gay teal sheesh
(31:38 / All) Legionnaire: fuck ou
(31:44 / All) DeeDo: lame
(31:52 / All) Legionnaire: lame you're mamma
(32:02 / All) DeeDo: u got me there
(32:21 / All) DeeDo: im gona leave cause u got me there
(32:25 / All) E.N.F.O.R.C.E.R: hold on
(32:28 / All) E.N.F.O.R.C.E.R: everyone has a shot at winning
(32:33 / All) E.N.F.O.R.C.E.R: me, yellow and oj
(32:37 / All) E.N.F.O.R.C.E.R: are going to kill everything
(32:38 / All) Legionnaire: nigga I don't give a shit what you dp
(32:39 / All) E.N.F.O.R.C.E.R: including our own units
(32:45 / All) E.N.F.O.R.C.E.R: and you can leave your pcs on all night for the win
(32:46 / All) E.N.F.O.R.C.E.R: sound fair?
(33:16 / All) Legionnaire: doesn't matter for me
(34:35 / All) CatVomit: wow play with your friends much?
(34:43 / All) E.N.F.O.R.C.E.R: yes
(34:44 / All) Legionnaire: I don
(34:46 / All) E.N.F.O.R.C.E.R: already explained the rules
(34:57 / All) DRAGONQUEST11: NEXT TIME DONT GO HIPPOS WHEN UR ALLY TELLS U NOT TO
(35:07 / All) Legionnaire: go hippos
(35:16 / All) CatVomit: yeh lets lan party and 4v4 rt
(35:48 / All) DRAGONQUEST11: i swear to god i tell them not to go hippos they both go them
(36:02 / All) E.N.F.O.R.C.E.R: they were easily raped anyway
(36:24 / All) E.N.F.O.R.C.E.R: I have level 7/6/6 bm/sh/am
(36:28 / All) E.N.F.O.R.C.E.R: and no one left to rape em with
(36:40 / All) E.N.F.O.R.C.E.R: I played bad this game and still dominated
(36:46 / All) E.N.F.O.R.C.E.R: forgot to put peons on my expo and forgot upgrades
(36:53 / All) DRAGONQUEST11: i was MVP denied red expo all game
(36:59 / All) CatVomit: you play like shit
(37:15 / All) E.N.F.O.R.C.E.R: I raped you pink
(37:16 / All) DRAGONQUEST11: 1v1 pink vs green
(37:30 / All) CatVomit: fuq off
(37:52 / All) CatVomit: nbu u kill green
(38:09 / All) E.N.F.O.R.C.E.R: We're putting you all in a mexican standoff
(38:13 / All) E.N.F.O.R.C.E.R: you can leave your PC on for the win
(39:00 / All) Legionnaire: leave your shitty pc on
(39:10 / All) Legionnaire: ill murder you eventuall
(39:14 / All) CatVomit: i have a ryzen
(39:23 / All) CatVomit: my computer is not shitty
(39:26 / All) DRAGONQUEST11: i finish with 16.6k gold and 7.8k lumb
(39:27 / All) Angel-Eyes: he's challenging you teal, think you can take him?
(39:59 / All) Legionnaire: orange I dont
(40:12 / All) Angel-Eyes: I think pink will whoop you
(40:16 / All) Angel-Eyes: you're the type that'll bitch quit
(40:17 / All) DRAGONQUEST11: pink vs teal for the championship
(40:23 / All) CatVomit: no
(40:24 / All) Angel-Eyes: my money on pink
(40:28 / All) DRAGONQUEST11: we'll whisper u tomorrow if game is still on
(40:35 / All) E.N.F.O.R.C.E.R: gl
(40:37 / All) Angel-Eyes: Good luck gents
(40:37 / All) E.N.F.O.R.C.E.R: don't have fun
(40:38 / All) CatVomit: i just want to play 4s rt